Map: Lightshade LE

Players

Trap - Winner!

  • Race: Protoss Protoss
  • League: Master

DPGZest (Zest)

  • Race: Protoss Protoss

Event: TSL 7

VOD

Have the link to the VOD?

Description

Time

  • Played on: June 26, 2021, 10:29 a.m.
  • Length: 8:56

All games in this series

Show
View Real Time Build Order
Export as new Build Order

Trap Protoss - Winner!

Build Orders: Phoenix Opening 

Get SALT Encoding   

  12  0:00  Probe  
  13  0:12  Probe  
  14  0:17  Pylon  
  14  0:24  Probe (Chrono Boost)  
  15  0:36  Probe (Chrono Boost), Gateway  
  16  0:44  Probe (Chrono Boost)  
  16  0:47  Assimilator  
  17  0:50  Probe  
  18  0:57  Assimilator  
  18  1:03  Probe (Chrono Boost)  
  19  1:07  Gateway  
  19  1:13  Probe (Chrono Boost)  
  19  1:17  Probe (Chrono Boost)  
  20  1:23  Cybernetics Core  
  21  1:29  Probe  
  22  1:34  Pylon  
  22  1:41  Probe  
  23  1:53  Probe  
  24  2:00  Sentry, Stalker, Warp Gate (Chrono Boost)  
  28  2:07  Pylon  
  28  2:22  Pylon  
  28  2:29  Stalker  
  30  2:30  Stalker  
  30  2:35  Phoenix  
  32  2:46  Nexus  
  32  2:54  Shield Battery  
  32  2:59  Sentry  
  32  3:00  Sentry  
  34  3:06  Probe  
  35  3:18  Probe  
  35  3:19  Robotics Facility  
  36  3:32  Shield Battery  
  36  3:42  Stalker  
  36  3:43  Stalker  
  39  3:57  Probe  
  40  4:05  Immortal (Chrono Boost)  
  46  4:10  Probe x2  
  46  4:20  Stalker  
  46  4:21  Stalker  
  46  4:34  Immortal (Chrono Boost)  
  50  4:49  Stalker x2  
  44  5:08  Immortal (Chrono Boost)  
  44  5:13  Zealot  
  50  5:15  Shield Battery  
  50  5:19  Stalker  
  50  5:26  Probe x2  
  52  5:31  Gateway  
  52  5:38  Warp Prism (Chrono Boost)  
  54  5:48  Pylon  
  54  5:49  Pylon  
  54  5:55  Pylon  
  54  6:05  Observer (Chrono Boost)  
  54  6:07  Adept x2  
  54  6:08  Pylon  
  59  6:11  Shield Battery  
  59  6:22  Immortal (Chrono Boost)  
  62  6:28  Stalker  
  64  6:34  Stalker  
  66  6:45  Probe x2  
  68  6:54  Observer (Chrono Boost)  
  68  6:55  Pylon  
  68  6:59  Twilight Council  
  70  7:06  Adept x3  
  74  7:09  Shield Battery  
  74  7:13  Shield Battery  
  74  7:26  Immortal (Chrono Boost)  
  77  7:32  Adept  
  79  7:38  Adept  
  69  7:47  Stalker  
  71  7:54  Adept  
  73  8:00  Shield Battery  
  73  8:01  Pylon  
  73  8:02  Adept  
  67  8:13  Immortal (Chrono Boost)  
  67  8:16  Adept  
  67  8:21  Adept  
  67  8:26  Adept  
  67  8:40  Adept  
  65  8:42  Stalker  
Show
View Real Time Build Order
Export as new Build Order

DPGZest Protoss 

Build Orders:  

Get SALT Encoding   

  12  0:00  Probe  
  13  0:12  Probe  
  14  0:17  Pylon  
  14  0:24  Probe (Chrono Boost)  
  15  0:36  Probe (Chrono Boost), Gateway  
  16  0:44  Probe (Chrono Boost)  
  16  0:45  Assimilator  
  17  0:51  Probe  
  17  0:55  Assimilator  
  18  1:03  Probe (Chrono Boost)  
  19  1:06  Gateway  
  20  1:12  Probe (Chrono Boost)  
  20  1:17  Probe (Chrono Boost)  
  20  1:23  Cybernetics Core  
  21  1:29  Probe  
  22  1:33  Pylon  
  22  1:41  Probe  
  23  1:53  Probe  
  24  1:59  Stalker x2, Warp Gate (Chrono Boost)  
  28  2:19  Pylon  
  28  2:29  Stalker  
  30  2:36  Robotics Facility  
  30  2:37  Stalker  
  32  2:46  Gateway  
  32  2:59  Stalker  
  34  3:07  Stalker  
  34  3:08  Pylon  
  36  3:20  Warp Prism (Chrono Boost)  
  38  3:45  Stalker x3  
  44  3:53  Pylon  
  44  4:13  Stalker x2  
  44  4:14  Stalker  
  50  4:17  Observer  
  47  4:42  Stalker x3  
  49  5:06  Adept x3  
  55  5:08  Robotics Bay  
  55  5:13  Observer  
  55  5:15  Pylon  
  53  5:35  Adept x3  
  59  5:39  Pylon  
  59  5:58  Disruptor (Chrono Boost)  
  62  6:09  Observer  
  62  6:10  Adept x3  
  68  6:21  Pylon  
  68  6:32  Disruptor (Chrono Boost)  
  71  6:48  Adept x3  
  71  6:53  Pylon  
  77  7:06  Pylon  
  77  7:12  Adept x3  
  66  7:48  Adept  
  66  7:49  Adept x2  
  55  8:22  Adept x3  
Tags
 
Event
TSL 7
League
Master
Matchup
PvP
Player
TrapZest
Add a new tag
Caveats
  • Supply blocks, unpowered buildings, or Contaminate may cause inaccurate times.
  • Supply counts are checked every 10 seconds.